 Dungeon Crawl Stone Soup version 0.30-a0-374-g95c0257040 (webtiles) character file.

Game seed: 276129695338775283

582 Zonian the Magician (level 7, -10/45 HPs)
             Began as a Djinni Ice Elementalist on Nov 25, 2022.
             Mangled by a wight
             ... wielding a +3 great sword
              (19 damage)
             ... in an ossuary.
             The game lasted 00:12:30 (4953 turns).

Zonian the Magician (Djinni Ice Elementalist)       Turns: 4953, Time: 00:12:31

Health: -10/45     AC:  6    Str:  7    XL:     7   Next: 63%
Gold:   15         EV: 12    Int: 31    God:
                   SH:  0    Dex: 13

rFire   + + .      SeeInvis .    z - +2 sling (vorpal)
rCold   x . .      Faith    .    (no shield)
rNeg    . . .      Spirit   .    a - +0 robe
rPois   ∞          Reflect  .    c - +2 hat {Will+}
rElec   .          Harm     .    f - +1 cloak
rCorr   .          Rampage  .    (no gloves)
Will    +....                    (boots unavailable)
Stlth   ++........               (no amulet)
HPRegen 0.27/turn                b - +6 ring of intelligence
MPRegen 0.00/turn                j - +6 ring of intelligence

@: flying
A: sickness immunity, fire resistance 2, cold vulnerability 1, float, innate
caster, HP casting, extra vitality 1
a: no special abilities


You were in an ossuary.
You visited 1 branch of the dungeon, and saw 5 of its levels.
You also visited: Ossuary.

You collected 257 gold pieces.
You spent 242 gold pieces at shops.

Inventory:

Hand Weapons
 e - a +0 dagger
 p - a +0 rapier
 z - a +2 vorpal sling (weapon)
Missiles
 o - 6 silver boomerangs
Armour
 a - a +0 robe (worn)
 c - a +2 hat of willpower (worn)
 f - a +1 cloak (worn)
Jewellery
 b - a +6 ring of intelligence (left hand)
 j - a +6 ring of intelligence (right hand)
Wands
 k - a wand of flame (20)
 y - a wand of acid (9)
 C - a wand of paralysis (18)
 D - a wand of digging (3)
Scrolls
 d - 6 scrolls of teleportation
 w - a scroll of fear
 A - a scroll of magic mapping {unknown}
 B - a scroll of summoning {unknown}
 E - a scroll of poison {unknown}
Potions
 g - 2 potions of attraction
 h - 5 potions of curing
 i - 3 potions of cancellation {unknown}
 l - a potion of berserk rage {unknown}
 m - 4 potions of ambrosia
 n - a potion of invisibility {unknown}
 q - a potion of heal wounds {unknown}
 r - a potion of brilliance {unknown}
 s - a potion of haste {unknown}
 t - a potion of flight {unknown}
 u - a potion of might {unknown}
 v - a potion of degeneration {unknown}
 x - 3 potions of mutation {unknown}


   Skills:
 - Level 2.6 Dodging
 - Level 2.0 Stealth
 + Level 6.5 Spellcasting


You had 2 spell levels left.
You knew the following spells:

 Your Spells              Type           Power      Damage    Failure   Level
a - Freeze                Ice            100%       1d10      1%          1
b - Frozen Ramparts       Ice            100%       1d16      1%          3
c - Ozocubu's Armour      Ice            50%        N/A       1%          3
d - Summon Ice Beast      Ice/Summ       50%        N/A       3%          4
e - Slow                  Hex            100%       N/A       1%          1
f - Static Discharge      Conj/Air       100%       2-7/arc   1%          2
g - Vampiric Draining     Necr           50%        2d9       1%          3
Your spell library was empty.

Dungeon Overview and Level Annotations

Branches:
Dungeon (5/15)            Ossuary (1/1)
 Temple: D:4-7

Altars:
Cheibriados

Shops:
D:1 [   D:2 =   D:3 ?(**


Innate Abilities, Weirdness & Mutations

You are immune to sickness and miasma.
You are immune to poison.
Your flesh is very heat resistant. (rF++)
You are vulnerable to cold. (rC-)
You float through the air rather than walking.
You learn spells naturally, not from books.
Your magical power is your life essence.
You have superior vitality. (+4 MHP)


Message History

Found a scroll of teleportation, a long bone wand and 2 fuming inky potions.
Found 2 potions of curing and a scroll labelled BUTZUV CEENIKE.
B - a scroll labelled GIRRIQINAYRPH
C - a wand of paralysis (6)
D - a wand of digging (3)
C - a wand of paralysis (12) (gained 6 charges)
d - 6 scrolls of teleportation (gained 1)
C - a wand of paralysis (18) (gained 6 charges)
i - 3 fuming inky potions (gained 2)
E - a scroll labelled BUTZUV CEENIKE
h - 7 potions of curing (gained 2) Unknown command.
The flying skull gives a hideous shriek!
The flying skull gives a hideous shriek!
The flying skull gives a hideous shriek!
You reach down and open the door.
A wight comes into view. It is wielding a +3 great sword.
Unknown command.
You shoot a sling bullet.
The sling bullet completely misses the wight.
The wight hits you with a +3 great sword!
The wight closely misses you.
You shoot a sling bullet.
The sling bullet completely misses the wight.
The wight hits you with a +3 great sword!
You are too injured to fight recklessly!
Unknown command.
Casting: Frozen Ramparts (safe; 1% risk of failure)
Confirm with . or Enter, or press ? or * to list all spells.
A chill wind blows around you.
The wight hits you with a +3 great sword.
* * * LOW HITPOINT WARNING * * *
Unknown command.
You feel better.
The wight hits you with a +3 great sword!!
* * * LOW HITPOINT WARNING * * *
Unknown command.
You feel better.
The wight hits you with a +3 great sword!!
You die...

#...............# #
#.# #.......###.###
#.#z#.......#z#.'..
#. ##.......###.###
#...............# #
#.###..###..###.# #
#.#.#..#z#..# #.#
#.z##..###..##+.#
#.@Y............#
#################


You could see a wight (ally target) and a friendly ice beast (summoned).

Vanquished Creatures
  Sigmund (D:5)
  A phantom (D:4)
  A scorpion (D:5)
  2 hounds
  2 iguanas (D:4)
  7 adders
  2 gnolls (D:5)
  A worm (D:4)
  A dart slug (D:2)
  8 orcs
  4 ball pythons
  A bat (D:1)
  2 endoplasms
  5 giant cockroaches
  6 hobgoblins
  4 jackals (D:1)
  4 kobolds
  A quokka (D:4)
  4 frilled lizards
  6 goblins
  2 hobgoblin skeletons (Ossuary)
  3 hobgoblin zombies (Ossuary)
  2 kobold zombies (Ossuary)
  An orc skeleton (Ossuary)
  2 orc zombies (Ossuary)
  4 rats
77 creatures vanquished.

Vanquished Creatures (collateral kills)
  A gnoll (D:5)
  A dart slug (D:5)
2 creatures vanquished.

Grand Total: 79 creatures vanquished

Notes
Turn   | Place    | Note
-------+----------+-------------------------------------------
     0 | D:1      | Zonian the Djinni Ice Elementalist began the quest for the
                  | Orb.
     0 | D:1      | Zonian set off with the following spells memorised: Freeze,
                  | Frozen Ramparts, Ozocubu's Armour, Summon Ice Beast.
     0 | D:1      | Reached XP level 1. HP: 15/15 MP: 0/0
   177 | D:1      | Reached XP level 2. HP: 13/21 MP: 0/0
   347 | D:1      | Found Uzaf's Antique Armour Shoppe.
   870 | D:2      | Found Aradghicyll's Jewellery Boutique.
   891 | D:2      | Reached XP level 3. HP: 25/25 MP: 0/0
   891 | D:2      | Learned a level 1 spell: Slow
   910 | D:2      | Noticed a golden eye
   912 | D:2      | Noticed an eye of devastation
   915 | D:2      | Found a faded altar of an unknown god.
   918 | D:2      | Noticed a shining eye
  1092 | D:2      | Found a snail-covered altar of Cheibriados.
  1304 | D:2      | Reached XP level 4. HP: 28/31 MP: 0/0
  1309 | D:2      | Reached skill level 4 in Spellcasting
  1733 | D:2      | Noticed a golden eye
  1903 | D:3      | Found Orit's Assorted Antiques.
  1911 | D:3      | Bought a scroll labelled TARAOB SERHE for 26 gold pieces
  2073 | D:3      | Found Naenli's Magic Scroll Shop.
  2193 | D:3      | Found Etaumorch's Assorted Antiques.
  2201 | D:3      | Bought a lead wand for 112 gold pieces
  2212 | D:3      | Found Utonam's Antique Weapon Boutique.
  2639 | D:3      | Reached XP level 5. HP: 25/35 MP: 0/0
  2639 | D:3      | Learned a level 2 spell: Static Discharge
  3056 | D:4      | Noticed a phantom
  3071 | D:4      | Killed a phantom
  3072 | D:4      | Reached skill level 5 in Spellcasting
  3072 | D:4      | Reached XP level 6. HP: 9/40 MP: 0/0
  4233 | D:3      | Bought a gold wand for 104 gold pieces
  4261 | D:5      | Entered Level 5 of the Dungeon
  4261 | D:5      | Noticed Sigmund
  4265 | D:5      | Killed Sigmund
  4266 | D:5      | Reached skill level 6 in Spellcasting
  4266 | D:5      | Reached XP level 7. HP: 45/45 MP: 0/0
  4266 | D:5      | Learned a level 3 spell: Vampiric Draining
  4658 | D:5      | Found a sand-covered staircase.
  4664 | Ossuary  | Entered an ossuary
  4899 | Ossuary  | Noticed a wraith
  4899 | Ossuary  | Noticed a flying skull
  4936 | Ossuary  | Noticed a flying skull
  4937 | Ossuary  | Noticed a flying skull
  4942 | Ossuary  | Noticed a flying skull
  4953 | Ossuary  | Mangled by a wight

Illustrated notes

Levels and vault maps discovered:
D:1:      scummos_arrival_simple_fountains, layout_loops_ring, serial_shops,
          nicolae_diamond_shop
D:2:      layout_loops_cross, hellmonk_ecumenical_altar_watching_god,
          serial_shops, shop, basic_altar
D:3:      layout_basic, serial_shops, shop, shop, shop,
          nicolae_shop_overgrown_old_shop, hangedman_decor_diamond_cutter,
          minmay_misc_feat_four_crosses
D:4:      layout_cave_pools, hangedman_decor_clover_reticule, minmay_between
D:5:      layout_cave_pools, kennysheep_mini, nicolae_ossuary_entry_plus,
          uniq_menkaure, uniq_sigmund
Ossuary:  ossuary_due_cavern

Skill      XL: |  1  2  3  4  5  6 |
---------------+-------------------+-----
Stealth        | 2 |  2.0
Spellcasting   | 4 5 6 |  6.5
Dodging        | |  2.6

Action                   |  1- 3 |  4- 6 |  7- 9 || total
-------------------------+-------+-------+-------++-------
Melee: Unarmed           |     1 |       |       ||     1
       Dagger            |    21 |       |       ||    21
       Rapier            |    10 |    88 |    16 ||   114
       Punch             |       |     1 |       ||     1
 Fire: Sling             |       |       |    30 ||    30
 Cast: Freeze            |    42 |    10 |       ||    52
       Slow              |       |     9 |     3 ||    12
       Static Discharge  |       |    10 |     2 ||    12
       Frozen Ramparts   |       |     5 |     2 ||     7
       Summon Ice Beast  |       |       |     2 ||     2
       Vampiric Draining |       |       |     1 ||     1
Evoke: Wand              |       |     2 |       ||     2
  Use: Scroll            |       |    11 |       ||    11
       Potion            |       |     1 |     2 ||     3
 Stab: Sleeping          |     1 |     3 |       ||     4
Armor: Robe              |    26 |    25 |    12 ||    63
Dodge: Dodged            |    42 |    58 |    22 ||   122

Table legend: (Time is in decaauts)
 A = Elapsed time spent in this place.
 B = Non-inter-level travel time spent in this place.
 C = Inter-level travel time spent in this place.
 D = Time resting spent in this place.
 E = Time spent auto-exploring this place.
 F = Levels seen in this place.
 G = Mean time per level.
                   A        B        C        D        E       F      G
               +--------+--------+--------+--------+--------+-----+--------+
         Total |   4985 |   4799 |    186 |   1645 |   2158 |   6 |  830.8 |
       Dungeon |   4685 |   4499 |    186 |   1498 |   2158 |   5 |  937.0 |
       Ossuary |    300 |    300 |      0 |    147 |      0 |   1 |  300.0 |
               +--------+--------+--------+--------+--------+-----+--------+

Top non-repeatable levels by time:
     D:4: 1546 daAuts
     D:3: 1230 daAuts
     D:2: 951 daAuts
     D:1: 859 daAuts
 Ossuary: 300 daAuts
     D:5: 98 daAuts
